 Dungeon Crawl Stone Soup version 0.29.1-1-gd02db69 (webtiles) character file.

Game seed: 9929643970640902830

300 Timinator the Ruffian (level 5, 0/61 HPs)
             Began as a Demigod Transmuter on Dec 18, 2022.
             Slain by an orc warrior
             ... wielding a +0 war axe
              (5 damage)
             ... on level 4 of the Dungeon.
             The game lasted 00:15:55 (4837 turns).

Timinator the Ruffian (Demigod Transmuter)          Turns: 4837, Time: 00:15:56

Health: 0/61       AC: 22    Str: 15    XL:     5   Next: 89%
Magic:  12/12      EV:  2    Int: 15    God:
Gold:   193        SH:  0    Dex: 14    Spells: 6/9 levels left

rFire   . . .      SeeInvis .   q - +3 short sword (flame)
rCold   . . .      Faith    .   (no shield)
rNeg    . . .      Spirit   .   (body armour currently unavailable)
rPois   +          Reflect  .   (helmet currently unavailable)
rElec   .          Harm     .   (cloak currently unavailable)
rCorr   .          Rampage  .   (gloves currently unavailable)
Will    .....      NoTele   +   (boots currently unavailable)
Stlth   +.........              (no amulet)
HPRegen 0.20/turn               r - +4 ring of evasion
MPRegen 0.13/turn               (no ring)

@: tree-form, wereblooded
A: stationary, stasis, torment immunity, boosted hp, high MP 1, forlorn, divine
attributes
a: no special abilities


You were on level 4 of the Dungeon.
You were a tree.
You visited 1 branch of the dungeon, and saw 4 of its levels.

You collected 193 gold pieces.

Inventory:

Hand Weapons
 q - a +3 short sword of flaming (weapon)
Missiles
 w - 3 boomerangs
 x - a throwing net
Armour
 e - a +2 pair of gloves (melded)
 f - a +0 ring mail (melded)
 k - a +0 leather armour
Jewellery
 r - a +4 ring of evasion (left branch)
Wands
 a - a wand of flame (7)
 p - a wand of quicksilver (10)
Scrolls
 d - 4 scrolls of teleportation {unknown}
 h - 3 scrolls of identify {unknown}
 i - a scroll of enchant weapon {unknown}
 j - a scroll of butterflies {unknown}
 l - 2 scrolls of immolation {unknown}
 o - a scroll of magic mapping {unknown}
 v - a scroll of blinking {unknown}
Potions
 c - a potion of degeneration {unknown}
 g - a potion of magic {unknown}
 m - a potion of flight {unknown}
 n - a potion of heal wounds {unknown}
 s - a potion of cancellation {unknown}
 t - 3 potions of curing {unknown}
 u - a potion of mutation {unknown}
 z - a potion of might {unknown}
 A - a potion of attraction {unknown}


   Skills:
 * Level 2.1 Fighting
 * Level 1.9 Armour
 * Level 2.8 Dodging
 * Level 3.6 Unarmed Combat
 + Level 2.8 Spellcasting
 + Level 2.8 Transmutations


You had 6 spell levels left.
You knew the following spells:

 Your Spells              Type           Power      Damage    Failure   Level
a - Beastly Appendage     Tmut           20%        N/A       6%          1
b - Wereblood             Tmut           10%        N/A       10%         2

Your spell library contained the following spells:

 Spells                   Type           Power      Damage    Failure   Level
 Magic Dart               Conj           8%         1d3       21%         1
 Searing Ray              Conj           4%         2d4       30%         2
 Spider Form              Tmut/Pois      6%         N/A       34%         3
 Dazzling Flash           Conj/Hex       4%         N/A       52%         3
 Inner Flame              Hex/Fire       2%         N/A       52%         3
 Tukima's Dance           Hex            2%         N/A       52%         3
 Ice Form                 Ice/Tmut       6%         N/A       75%         4
 Fulminant Prism          Conj/Hex       1%         3d6       90%         4


Dungeon Overview and Level Annotations

Branches:
Dungeon (4/15)
 Temple: D:4-7


Innate Abilities, Weirdness & Mutations

You are a tree.
Your roots penetrate the ground, keeping you stationary.
You cannot be teleported.
You are immune to unholy pain and torment.
Your maximum health is greatly increased.
Your equipment is partially melded.
You have an increased reservoir of magic. (+10% MP)
You shall have no god before yourself.
Your divine heritage dramatically boosts your attributes as you level up.


Message History

The orc warrior is moderately wounded.
The orc warrior hits you with a +0 war axe!
You closely miss the orc warrior.
The orc warrior is moderately wounded.
The orc warrior hits you but does no damage.
The orc warrior hits you with a +0 war axe!
Really quaff the potion of lignification?
Uppercase [Y]es or [N]o only, please.
Really quaff the potion of lignification?
You turn into a tree.
Your +2 pair of gloves melds into your body.
Your +0 ring mail melds into your body.
Your roots penetrate the ground.
The orc warrior hits you but does no damage.
You barely miss the orc warrior.
The orc warrior is lightly wounded.
The orc warrior hits you but does no damage.
You hit the orc warrior but do no damage.
The orc warrior is lightly wounded.
The orc warrior hits you but does no damage.
You closely miss the orc warrior.
The orc warrior is lightly wounded.
The orc warrior hits you with a +0 war axe!
* * * LOW HITPOINT WARNING * * *
You hit the orc warrior but do no damage.
The orc warrior is lightly wounded.
The orc warrior hits you but does no damage.
You barely miss the orc warrior.
The orc warrior is lightly wounded.
The orc warrior hits you with a +0 war axe.
* * * LOW HITPOINT WARNING * * *
You closely miss the orc warrior.
The orc warrior is lightly wounded.
The orc warrior hits you but does no damage.
You hit the orc warrior but do no damage.
The orc warrior is lightly wounded.
The orc warrior hits you but does no damage.
You barely miss the orc warrior.
The orc warrior is lightly wounded.
The orc warrior hits you with a +0 war axe.
You die...

############ #..........#
###.####...#.# ... #.#.#.#
#.o #.#.#.########## #..
#.#.#........##. #..
#.#<#.........#.
#.o####.###...........
#.ooo♣....#...........
#.#########..........~
#............#.####..#
#######.......#.####.##
........).###........~≈
######.#.# #...>....#≈
#.#.# #........## #.#.#
#.........#
###########.#.###.........#


You could see an orc warrior and 3 orcs.

Vanquished Creatures
  An orc priest (D:3)
  An iguana (D:4)
  Terence (D:2)
  Natasha (thrice) (D:2)
  2 orc wizards
  An adder (D:4)
  2 worms
  3 dart slugs
  6 orcs
  5 bats
  8 endoplasms
  4 giant cockroaches
  6 goblins
  8 hobgoblins
  2 jackals (D:4)
  4 quokkas
  4 ball pythons
  4 frilled lizards
  3 kobolds
  2 rats (D:1)
70 creatures vanquished.

Notes
Turn   | Place    | Note
-------+----------+-------------------------------------------
     0 | D:1      | Timinator the Demigod Transmuter began the quest for the
                  | Orb.
     0 | D:1      | Reached XP level 1. HP: 15/15 MP: 5/5
   268 | D:1      | Got Fuggoghu's Directory of Enchantment
   749 | D:1      | Reached XP level 2. HP: 22/22 MP: 5/7
  1754 | D:2      | Noticed Natasha
  1784 | D:2      | Killed Natasha
  1785 | D:2      | Reached skill level 1 in Fighting
  1785 | D:2      | Reached skill level 3 in Unarmed Combat
  1785 | D:2      | Reached XP level 3. HP: 16/28 MP: 6/8
  1889 | D:2      | Noticed Natasha
  1906 | D:2      | Killed Natasha
  1954 | D:2      | Noticed Natasha
  1979 | D:2      | Killed Natasha
  1980 | D:2      | Reached skill level 1 in Armour
  1980 | D:2      | Reached XP level 4. HP: 24/35 MP: 8/10
  1990 | D:2      | Learned a level 2 spell: Wereblood
  2238 | D:2      | Noticed Terence
  2245 | D:2      | Killed Terence
  2646 | D:3      | Reached XP level 5. HP: 41/41 MP: 8/11
  4819 | D:4      | Noticed an orc warrior
  4837 | D:4      | Slain by an orc warrior

Illustrated notes

Levels and vault maps discovered:
D:1:      minmay_arrival_radiant_lines, layout_basic, minmay_fountain_box
D:2:      layout_rooms, minmay_misc_feat_x, chequers_mini_garden, uniq_natasha,
          uniq_terence
D:3:      layout_loops_ring, basic_ecumenical_altar
D:4:      minmay_general_purpose_star, layout_basic, lemuel_doored_altar,
          elyvilon_altar_4, nicolae_uskayaw_murder_on_the_dancefloor,
          minivault_4

Skill      XL: |  1  2  3  4  5 |
---------------+----------------+-----
Transmutations | 2 |  2.8
Spellcasting   | 2 |  2.8
Fighting       | 1 2 |  2.1
Dodging        | 2 |  2.8
Unarmed Combat | 3 |  3.6
Armour         | 1 |  1.9

Action                   |  1- 3 |  4- 6 || total
-------------------------+-------+-------++-------
Melee: Unarmed           |    70 |    14 ||    84
       Headbutt          |     9 |    16 ||    25
       Kick              |     9 |    16 ||    25
       Punch             |     2 |     1 ||     3
       Short sword       |       |   109 ||   109
 Cast: Beastly Appendage |    15 |    25 ||    40
       Wereblood         |       |     2 ||     2
  Use: Potion            |       |     1 ||     1
Armor: Robe              |    15 |       ||    15
       Ring mail         |     4 |    38 ||    42
       Skin              |       |     6 ||     6
Dodge: Dodged            |    38 |    54 ||    92
